 Dungeon Crawl Stone Soup version 0.30.0-20-g3b4254fcbd (webtiles) character file.

Game seed: 16467603198143428003

11015 Graphine the Cleaver (level 11, -18/101 HPs)
             Began as a Hill Orc Fighter on June 2, 2023.
             Was a High Priest of Beogh.
             Demolished by an orc warlord
             ... wielding a +0 broad axe
              (22 damage)
             ... on level 2 of the Orcish Mines.
             The game lasted 00:27:18 (11300 turns).

Graphine the Cleaver (Hill Orc Fighter)            Turns: 11300, Time: 00:27:20

Health: -18/101    AC: 20    Str: 27    XL:     11   Next: 71%
Magic:  18/18      EV: 10    Int:  8    God:    Beogh [*****.]
Gold:   206        SH: 18    Dex: 14    Spells: 10/10 levels left

rFire   . . .        a - +1 war axe (elec)
rCold   . . .        z - +2 kite shield
rNeg    . . .        n - +0 swamp dragon scales
rPois   +            (no helmet)
rElec   .            M - +2 cloak {Will+}
rCorr   .            I - +0 pair of gloves {Str+3}
SInv    .            J - +0 pair of boots
Will    ++...        k - amulet of reflection
Stlth   +            d - ring "Rashiat" {Wiz Will+ Dex+4}
HPRegen 0.36/turn    G - +4 ring of protection
MPRegen 0.16/turn

%: reflection, wizardry (x1)
@: mighty, attractive
A: walk on water
a: Renounce Religion, Smiting, Recall Orcish Followers, Give Item to Named
Follower


You were on level 2 of the Orcish Mines.
You worshipped Beogh.
Beogh was extremely pleased with you.
You visited 2 branches of the dungeon, and saw 13 of its levels.

You collected 1075 gold pieces.
You spent 869 gold pieces at shops.

Inventory:

Hand Weapons
 a - a +1 war axe of electrocution (weapon)
 b - a +2 flail of protection
 m - a +2 mace of draining
Missiles
 v - 8 atropa-tipped darts (quivered)
Armour
 c - a +3 buckler
 e - a +0 cloak
 n - +0 swamp dragon scales (worn)
 z - a +2 kite shield (worn)
 E - a +0 buckler
 I - a +0 pair of gloves of strength (worn)
 J - a +0 pair of boots (worn)
 M - a +2 cloak of willpower (worn)
Jewellery
 d - the ring "Rashiat" (left hand) {Wiz Will+ Dex+4}
   (You found it on level 5 of the Dungeon)

   [ring of wizardry]

   It improves your spell success rate.
   Dex:       It affects your dexterity (+4).
   Will:      It increases your willpower.
 g - a ring of magical power
 k - an amulet of reflection (around neck)
 x - an amulet of the acrobat
 F - a ring of magical power
 G - a +4 ring of protection (right hand)
 N - a ring of flight
Wands
 s - a wand of charming (18)
 y - a wand of roots (34)
 C - a wand of polymorph (6)
Scrolls
 f - 6 scrolls of amnesia
 h - 5 scrolls of magic mapping
 j - 4 scrolls of immolation
 o - 2 scrolls of teleportation
 q - 3 scrolls of brand weapon
 w - a scroll of fog
 D - 4 scrolls of vulnerability
 L - 4 scrolls of identify
Potions
 i - a potion of heal wounds
 l - 3 potions of magic
 p - 3 potions of lignification
 r - 5 potions of curing
 t - 3 potions of flight {unknown}
 u - 2 potions of cancellation {unknown}
 A - a potion of resistance {unknown}
 B - 2 potions of degeneration {unknown}


   Skills:
 + Level 10.6 Fighting
 + Level 11.2 Axes
 + Level 9.9 Armour
 + Level 9.8 Shields
 + Level 9.4 Invocations


You had 10 spell levels left.
You didn't know any spells.
Your spell library contained the following spells:

 Spells                   Type           Power      Damage    Failure   Level
 Magic Dart               Conj           0%         1d3       36%         1
 Call Imp                 Summ           0%         N/A       50%         2
 Static Discharge         Conj/Air       0%         2-2/arc   50%         2
 Inner Flame              Hex/Fire       0%         N/A       71%         3
 Mephitic Cloud           Conj/Pois/Air  0%         N/A       71%         3
 Airstrike                Air            0%         2d(0-16)  98%         4
 Summon Lightning Spire   Summ/Air       0%         N/A       98%         4
 Alistair's Intoxication  Tmut/Pois      0%         N/A       100%        5
 Borgnjor's Vile Clutch   Necr/Erth      0%         N/A       100%        5
 Yara's Violent Unravell  Hex/Tmut       0%         3d3       100%        5
 Eringya's Noxious Bog    Tmut/Pois      0%         N/A       100%        6
 Enfeeble                 Hex            0%         N/A       100%        7


Dungeon Overview and Level Annotations

Branches:
Dungeon (11/15)            Temple (0/1) D:6            Lair (0/5) D:11
    Orc (2/2) D:11
    Elf: Orc:2

Altars:
Cheibriados
Nemelex Xobeh
Okawaru
Qazlal
Trog
Uskayaw
Vehumet
Yredelemnul
Zin
The Shining One
Beogh

Shops:
D:5 ?   D:9 [   D:10 [[[**   D:11 =


Message History

The troll misses you. You block the troll's attack.
The orc warlord hits you with a +0 broad axe!
You feel much better. The troll barely misses you. The troll claws you.
You block the troll's attack. You block the orc warlord's attack.
The orc warrior unwields a +0 arbalest.
The orc warrior wields a +0 hand axe.
You block the orc warrior's attack.
Cleave: a) +1 war axe (elec)
Press: ? - help, Dir - move target, f/p - orc warlord
Aim: an orc warlord, wielding a +0 broad axe and wearing a +0 chain mail (severely wounded, strong, about 26% to evade your +1 war axe of electrocution)
You hit the orc warlord but do no damage.
The orc warlord is severely wounded.
You closely miss the orc warrior. You hit the troll.
You block the troll's attack. The troll claws you but does no damage.
The troll claws you. You block the orc warlord's attack.
The orc warrior hits you but does no damage.
Cleave: a) +1 war axe (elec)
Press: ? - help, Dir - move target, f/p - orc warlord
Aim: an orc warlord, wielding a +0 broad axe and wearing a +0 chain mail (severely wounded, strong, about 26% to evade your +1 war axe of electrocution)
You barely miss the orc warlord.
The orc warlord is severely wounded.
You hit the orc warrior but do no damage.
Lightning courses through the orc warrior!
You slash the troll! The troll bites you but does no damage.
You block the troll's attack. The troll claws you but does no damage.
The orc warlord hits you with a +0 broad axe!!!
* * * LOW HITPOINT WARNING * * *
The orc warrior closely misses you.
Okay, then.
Okay, then.
Okay, then.
Cleave: a) +1 war axe (elec)
Press: ? - help, Dir - move target, f/p - orc warlord
Aim: an orc warlord, wielding a +0 broad axe and wearing a +0 chain mail (severely wounded, strong, about 26% to evade your +1 war axe of electrocution)
You slice the orc warlord!!
The orc warlord is almost dead.
You hit the orc warrior but do no damage.
You hit the troll.
The orc warlord hits you with a +0 broad axe!!
You die...
Beogh appreciates the orc warlord's killing of a heretic priest.

##.## ##$..
##...## #.....##
##....#.##
##...<....#
#.........##
##......o...#
.......)@T..##
......)))o)..#
......)..)))....
...............)
.....#..........
.....##...$....)
...). ###..$....
.. .......


You could see an orc warlord (strong), a troll and an orc warrior (strong).

Vanquished Creatures
  A tengu warrior (D:10)
  An orc knight (Orc:2)
  A rime drake (D:11)
  Maggie (D:7)
  A komodo dragon (D:11)
  An unseen horror (D:11)
  A kobold demonologist (D:11)
  2 trolls
  A hornet (D:11)
  A polar bear (D:11)
  A wyvern (D:9)
  3 yaks (D:11)
  5 vampire mosquitoes
  A steam dragon (D:8)
  An acid dragon (D:11)
  2 water moccasins (D:7)
  2 orc warriors
  A sky beast (D:8)
  6 ice beasts
  6 ogres
  2 wolves
  A centaur (D:8)
  4 kobold brigands
  Blork the orc (D:5)
  2 bullfrogs
  4 gnoll sergeants
  4 scorpions
  8 killer bees
  2 howler monkeys (D:8)
  4 hounds
  2 orc priests (Orc:2)
  2 gnoll boudas
  5 jellies
  6 orc wizards
  27 gnolls
  11 adders
  A shadow imp (D:7)
  A white imp (D:5)
  A worm (D:2)
  6 dart slugs
  29 orcs
  4 bats
  8 endoplasms
  3 goblins
  9 hobgoblins
  6 jackals
  13 kobolds
  10 quokkas
  7 ball pythons
  4 rats
226 creatures vanquished.

Vanquished Creatures (collateral kills)
  A two-headed ogre (D:11)
  Lodul (D:11)
  An ugly thing (D:10)
  A manticore (D:11)
  2 kobold demonologists (D:11)
  A tengu conjurer (D:10)
  A polar bear (D:11)
  4 ice beasts (D:11)
  3 orc warriors (D:11)
  3 ogres (D:11)
  A kobold brigand (D:11)
  7 killer bees
  2 howler monkeys
  3 orc priests (D:11)
  2 orc wizards
  5 gnolls (D:10)
  3 orcs
  3 kobolds
44 creatures vanquished.

Vanquished Creatures (others)
  3 orc warriors
  2 orc priests
  2 orc wizards
  8 orcs
  A kobold (D:4)
16 creatures vanquished.

Grand Total: 286 creatures vanquished

Notes
Turn   | Place    | Note
-------+----------+-------------------------------------------
     0 | D:1      | Graphine the Hill Orc Fighter began the quest for the Orb.
     0 | D:1      | Reached XP level 1. HP: 19/19 MP: 1/1
   282 | D:1      | Reached skill level 3 in Axes
   282 | D:1      | Reached XP level 2. HP: 27/27 MP: 2/2
   866 | D:2      | Reached XP level 3. HP: 29/33 MP: 3/3
   913 | D:2      | Found a faded altar of an unknown god.
  1267 | D:2      | Reached XP level 4. HP: 3/40 MP: 4/4
  2157 | D:3      | You fall into a shaft and drop 3 floors!
  2180 | D:5      | Entered Level 5 of the Dungeon
  2186 | D:5      | Noticed Blork the orc
  2193 | D:5      | Killed Blork the orc
  2194 | D:5      | Reached skill level 4 in Axes
  2194 | D:5      | Reached XP level 5. HP: 45/47 MP: 5/5
  2200 | D:5      | Identified the ring "Rashiat" {Wiz Will+ Dex+4}
  2500 | D:3      | Reached skill level 5 in Fighting
  2500 | D:3      | Reached XP level 6. HP: 56/56 MP: 6/6
  2528 | D:3      | Became a worshipper of Beogh the Brigand
  3023 | D:4      | Noticed an ice beast
  3031 | D:4      | Killed an ice beast
  3171 | D:4      | Reached skill level 5 in Axes
  3251 | D:4      | Reached * piety under Beogh
  3252 | D:4      | Reached skill level 5 in Armour
  3252 | D:4      | Reached skill level 5 in Shields
  3436 | D:4      | Reached XP level 7. HP: 61/61 MP: 7/7
  4094 | D:5      | Reached skill level 6 in Axes
  4309 | D:5      | Found Zeudghuf's Magic Scroll Emporium.
  4347 | D:5      | Bought a scroll of enchant armour for 105 gold pieces
  4347 | D:5      | Bought a scroll of enchant weapon for 105 gold pieces
  4675 | D:6      | Found a sparkling altar of Nemelex Xobeh.
  4763 | D:6      | Found a glowing golden altar of the Shining One.
  4763 | D:6      | Found a bloodstained altar of Trog.
  5205 | D:6      | Reached skill level 1 in Invocations
  5205 | D:6      | Reached XP level 8. HP: 71/71 MP: 8/8
  5229 | D:6      | HP: 3/71 [orc warrior/+0 halberd (12)]
  5632 | D:6      | Found a staircase to the Ecumenical Temple.
  6307 | D:7      | Reached skill level 7 in Axes
  6711 | D:7      | Found a snail-covered altar of Cheibriados.
  6824 | D:7      | Noticed Maggie
  6837 | D:7      | Killed Maggie
  6838 | D:7      | Reached XP level 9. HP: 22/79 MP: 12/12
  7092 | D:7      | Reached ** piety under Beogh
  7233 | D:7      | Found a hide-covered altar of Uskayaw.
  7233 | D:7      | Found a radiant altar of Vehumet.
  7476 | D:8      | Reached skill level 8 in Axes
  7476 | D:8      | Reached skill level 5 in Invocations
  8051 | D:9      | Found a stormy altar of Qazlal.
  8464 | D:9      | Found Keatamoi's Antique Armour Boutique.
  8501 | D:9      | Found an iron altar of Okawaru.
  8503 | D:9      | Found a glowing silver altar of Zin.
  8558 | D:9      | Bought a pair of glowing gloves for 247 gold pieces
  8720 | D:9      | Reached *** piety under Beogh
  8740 | D:9      | Reached XP level 10. HP: 60/90 MP: 14/14
  9081 | D:10     | Entered Level 10 of the Dungeon
  9081 | D:10     | Found Zebbiakh's Antique Armour Shop.
  9086 | D:10     | Noticed a tengu warrior
  9088 | D:10     | Reached skill level 9 in Axes
  9104 | D:10     | Killed a tengu warrior
  9106 | D:10     | HP: 3/91 [tengu conjurer/bolt of lightning (30)]
  9266 | D:10     | Found Moinuux's Assorted Antiques.
  9269 | D:10     | Bought a scroll labelled JEIVUW IFRAIGH for 28 gold pieces
  9333 | D:10     | Found Ciytij's Assorted Antiques.
  9376 | D:10     | Gained Grimold as an ally
  9557 | D:10     | Found a basalt altar of Yredelemnul.
  9572 | D:10     | Found Xootsyhu's Armour Shop.
  9645 | D:10     | Noticed a purple ugly thing
  9654 | D:10     | Killed a purple ugly thing
  9739 | D:10     | Found Nixirr's Armour Shop.
  9739 | D:10     | Noticed an animated plate armour
  9740 | D:10     | Noticed an animated storm dragon scales
 10122 | D:11     | Reached **** piety under Beogh
 10123 | D:11     | Reached skill level 10 in Axes
 10132 | D:11     | Noticed a manticore
 10135 | D:11     | Reached XP level 11. HP: 46/99 MP: 17/17
 10138 | D:11     | Killed a manticore
 10140 | D:11     | Noticed Lodul
 10145 | D:11     | Found a staircase to the Lair.
 10149 | D:11     | Killed Lodul
 10150 | D:11     | Reached skill level 10 in Fighting
 10223 | D:11     | Noticed a two-headed ogre
 10229 | D:11     | Killed a two-headed ogre
 10456 | D:11     | Found Soutruuvvio's Jewellery Boutique.
 10518 | D:11     | Found a staircase to the Orcish Mines.
 10772 | D:11     | Reached skill level 11 in Axes
 11002 | D:10     | Bought a runed cloak for 157 gold pieces
 11068 | D:11     | Bought a ring of flight for 227 gold pieces
 11116 | Orc:1    | Entered Level 1 of the Orcish Mines
 11161 | Orc:1    | Found a roughly hewn altar of Beogh.
 11277 | Orc:2    | Entered Level 2 of the Orcish Mines
 11280 | Orc:2    | Noticed an orc knight
 11286 | Orc:2    | Reached ***** piety under Beogh
 11286 | Orc:2    | Noticed an orc warlord
 11290 | Orc:2    | Killed an orc knight
 11299 | Orc:2    | HP: 4/101 [orc warlord/+0 broad axe (43)]
 11300 | Orc:2    | Demolished by an orc warlord

Illustrated notes

Levels and vault maps discovered:
D:1:      erik_arrival_cave_to_civilisation [erik_arrival_cave_to_hall],
          layout_loops_ring
D:2:      layout_basic, serial_bayou, serial_bayou_pond_d, serial_bayou_pond_e,
          serial_bayou_pond_e, serial_bayou_lake_a,
          ebering_ecumenical_altar_webs
D:3:      layout_loops_ring
D:4:      layout_rooms
D:5:      layout_layer_cave, serial_shops, shop, uniq_blork_the_orc
D:6:      layout_basic, nemelex_altar_shiori, gammafunk_temple_overflow_statue,
          minmay_temple_entry_from_below_b
D:7:      layout_layer_cave, mainiacjoe_overflow_alcove_4,
          nicolae_overflow_two_pavilions, uniq_maggie
D:8:      layout_cave_pools
D:9:      layout_cross, nicolae_qazlal_style_of_elements,
          mainiacjoe_overflow_catch_the_wave, serial_gnoll_camp,
          gnoll_camp_mini_shop, gnoll_camp_mini_hut, gnoll_camp_mini_house,
          gnoll_camp_mini_loothouse, minmay_misc_feat_columns,
          grunt_decor_fettered, minmay_misc_feat_square
D:10:     layout_irregular_city, general_overflow_altar, serial_shops,
          nicolae_shop_tiny_glass, kennysheep_mini_moat,
          nicolae_shop_pleasant_corner_grove, nicolae_shop_mannequins, shop
D:11:     layout_loops_cross, hellmonk_lair_entry_icy, david_orc_3,
          serial_shops, nicolae_shop_peninsula, uniq_lodul
Orc:1:    layout_caves, basic_altar, nicolae_shop_vocational
Orc:2:    st_orc_ogre_mass, layout_diamond_mine, nicolae_orc_bridge_out,
          uniq_azrael

Skill      XL: |  1  2  3  4  5  6  7  8  9 10 11 |
---------------+----------------------------------+-----
Axes           | 3 4 5 6 7 8 10 11 | 11.2
Fighting       | 4 5 6 7 8 9 10 | 10.6
Shields        | 4 5 6 7 8 9 |  9.8
Armour         | 4 5 6 7 9 |  9.9
Invocations    | 1 4 6 8 9 |  9.4

Action                     |  1- 3 |  4- 6 |  7- 9 | 10-12 || total
---------------------------+-------+-------+-------+-------++-------
  Melee: War axe           |    79 |   131 |   300 |   166 ||   676
 Invoke: Convert to Beogh  |       |     1 |       |       ||     1
         Smiting           |       |       |       |     1 ||     1
         Recall Orcish Fol |       |       |       |     1 ||     1
  Evoke: Wand              |       |       |       |     1 ||     1
    Use: Scroll            |     4 |    11 |     6 |     2 ||    23
         Potion            |       |     2 |     5 |     7 ||    14
   Stab: Invisible         |       |       |     2 |       ||     2
 Armour: Scale mail        |    51 |    36 |       |       ||    87
         Chain mail        |       |    12 |    34 |       ||    46
         Swamp dragon scal |       |       |    36 |    66 ||   102
  Dodge: Dodged            |    48 |    39 |    80 |    38 ||   205
  Block: Buckler           |    30 |    69 |    95 |       ||   194
         Reflection        |       |     3 |     7 |     4 ||    14
         Kite shield       |       |       |   146 |   186 ||   332
